[Event "MČR v bleskovém šachu družstev 2019"]
[Site "Teplice, Czech Republic"]
[Date "2019.09.14"]
[Round "2.1"]
[White "Kociscak, Jiri"]
[Black "Istona, Martin"]
[Result "1-0"]
[TimeControl "3 mim. + 2 s"]
[WhiteTitle "IM"]
[BlackTitle "FM"]
[WhiteFideId "322121"]
[BlackFideId "14923475"]
[WhiteElo "2417"]
[BlackElo "2078"]

1. d4 Nf6 2. c4 g6 3. Nf3 Bg7 4. g3 O-O 5. Bg2 c6 6. O-O d5 7. Nbd2 a5 8. e3 Bf5 9. Qe2 Ne4 10. Nh4 Nxd2 11. Bxd2 Be6 12. b3 c5 13.
cxd5 Bxd5 14. e4 Be6 15.
d5 Bxa1 16. Rxa1 Bc8 17. Bh6 e5 18.
dxe6 Bxe6 19. Rd1 Qc7 20. Qb2 f6 21. Bxf8 1-0

[Event "MČR v bleskovém šachu družstev 2019"]
[Site "Teplice, Czech Republic"]
[Date "2019.09.14"]
[Round "2.2"]
[White "Markovic, Milan"]
[Black "Polak, Tomas"]
[Result "0-1"]
[TimeControl "3 mim. + 2 s"]
[BlackTitle "GM"]
[WhiteFideId "305103"]
[BlackFideId "300560"]
[WhiteElo "2113"]
[BlackElo "2510"]

1. e4 c6 2. d4 d5 3. e5 Bf5 4. h4 h5 5. Bg5 Qb6 6. Bd3 Bxd3 7. Qxd3 e6 8. Nd2 Nd7 9. c4 dxc4 10. Nxc4 Qa6 11. Nf3 Nh6 12. O-O Nf5 13. Rfc1 Nb6 14. b3 Nd5 15. Qe4 Ba3 16.
Rc2 O-O 17. Ne3 Nfxe3 18. fxe3 Rae8 19. Rf1 Nb4 20. Rcf2 Qd3 21. Qf4 Qg6 22. Ne1 0-1

[Event "MČR v bleskovém šachu družstev 2019"]
[Site "Teplice, Czech Republic"]
[Date "2019.09.14"]
[Round "2.3"]
[White "Stocek, Jiri"]
[Black "Srba, Milan"]
[Result "1-0"]
[TimeControl "3 mim. + 2 s"]
[WhiteTitle "GM"]
[WhiteFideId "304760"]
[BlackFideId "321575"]
[WhiteElo "2505"]
[BlackElo "2195"]

1. e4 e6 2. d4 d5 3. Nc3 Nf6 4. Bg5 Bb4 5. e5 h6 6.
Bh4 g5 7. Bg3 Ne4 8. Nge2 c5 9. a3 Ba5 10. b4 cxb4 11. Nxe4 dxe4 12.
axb4 Bxb4+ 13. c3 Be7 14. Qc2 Bd7 15. Qxe4 Bc6 16. Qe3 Qb6 17. h4 g4 18. Nf4 Qb2 19. Rd1 Nd7 20. Be2 Nb6 21. O-O O-O-O 22. Ra1 Na4 23.
Rfc1 a6 24. Bxg4 Rhg8 25. Bf3 Bxf3 26. Qxf3 1-0

[Event "MČR v bleskovém šachu družstev 2019"]
[Site "Teplice, Czech Republic"]
[Date "2019.09.14"]
[Round "2.4"]
[White "Vymazal, Bronislav"]
[Black "Svatos, Jan"]
[Result "0-1"]
[TimeControl "3 mim. + 2 s"]
[BlackTitle "FM"]
[WhiteFideId "318396"]
[BlackFideId "304174"]
[WhiteElo "2309"]
[BlackElo "2183"]

1. e4 b6 2. d4 Bb7 3. Nc3 e6 4. Nf3 Bb4 5. Bd3 Nf6 6.
Qe2 d5 7. e5 Ne4 8. O-O Nxc3 9. bxc3 Bxc3 10. Ba3 Bxa1 11. Rxa1 Nd7 12. h4 h6 13. Qe3 Rc8 14. Bb5 c6 15. Ba4 b5 16. Bb3 c5 17. dxc5 Qa5 18. c6 Qxa3 19. cxb7 Rb8 20. Qf4 O-O 21.
Rd1 Rxb7 22. Nd4 Nc5 23. Re1 a5 24. c3 Nd3 25. Qe3 Nxe1 26. Qxe1 a4 27. Bc2 Rc8 28. Ne2 b4 29. Qd2 Rxc3 0-1

[Event "MČR v bleskovém šachu družstev 2019"]
[Site "Teplice, Czech Republic"]
[Date "2019.09.14"]
[Round "2.5"]
[White "Soural, Jan"]
[Black "Jirovsky, Milos"]
[Result "0-1"]
[TimeControl "3 mim. + 2 s"]
[BlackTitle "GM"]
[WhiteFideId "311928"]
[BlackFideId "303224"]
[WhiteElo "2107"]
[BlackElo "2499"]

1. d4 d5 2. c4 e6 3. Nf3 Nf6 4. g3 dxc4 5. Bg2 Nc6 6. O-O Rb8 7. Bf4 Nd5 8. Bd2 b5 9. Nc3 Be7 10. e4 Nxc3 11. bxc3 O-O 12. h4 Bb7 13.
Qe2 a6 14. Rad1 Re8 15. Rfe1 Ba8 16. e5 Qd7 17. Ng5 Bxg5 18. hxg5 Ne7 19. Be4 Bxe4 20. Qxe4 Qd5 21. Bc1 Qxe4 22. Rxe4 Nd5 23. Bb2 b4 24. Rc1 b3 25. a3 Nb6 26. Kf1 Na4 27. Rb1 Red8 28. f4 g6 29.
Ke2 Rd5 30. Re3 c5 31. dxc5 Nxc5 32. g4 Rbd8 0-1

[Event "MČR v bleskovém šachu družstev 2019"]
[Site "Teplice, Czech Republic"]
[Date "2019.09.14"]
[Round "2.6"]
[White "Sokolov, Alexander"]
[Black "Vokoun, Jan"]
[Result "1-0"]
[TimeControl "3 mim. + 2 s"]
[WhiteTitle "FM"]
[BlackTitle "FM"]
[WhiteFideId "4119177"]
[BlackFideId "301647"]
[WhiteElo "2417"]
[BlackElo "2123"]

1. e4 c5 2. Nf3 Nc6 3. d4 cxd4 4. Nxd4 Qb6 5. Nb3 Nf6 6. Nc3 e6 7. Qe2 d6 8. Be3 Qc7 9. O-O-O a6 10. g4 h6 11. h4 Ne5 12. f3 b5 13. Bg2 Nc4 14. g5 Nxe3 15. Qxe3 Nd7 16. f4 Bb7 17. g6 fxg6 18. Qh3 Kf7 19. f5 Ne5 20. fxe6+ Kg8 21.
Nd5 1-0

[Event "MČR v bleskovém šachu družstev 2019"]
[Site "Teplice, Czech Republic"]
[Date "2019.09.14"]
[Round "2.7"]
[White "Postupa, Martin"]
[Black "Dolezal, Radoslav"]
[Result "0-1"]
[TimeControl "3 mim. + 2 s"]
[BlackTitle "IM"]
[WhiteFideId "325210"]
[BlackFideId "304735"]
[WhiteElo "1958"]
[BlackElo "2359"]

1. e4 c6 2. g3 d5 3. exd5 cxd5 4.
Bg2 Nc6 5. d4 Nf6 6. c3 Bg4 7.
f3 Bf5 8. Bf4 e6 9. Ne2 h5 10. h4 Bd6 11. Bxd6 Qxd6 12. O-O O-O 13. Na3 a6 14. Kh2 b5 15. Nc2 Rab8 16. a3 a5 17. Ne3 Bg6 18. Nf4 Ne7 19. Nxg6 Nxg6 20. Kh3 Rfc8 21.
f4 b4 22. axb4 axb4 23. Rc1 bxc3 24.
bxc3 Ne7 25. Bf3 g6 26. c4 Qa3 27. Re1 Rb3 28. Ra1 Qb4 29. c5 Nc6 30. Nc2 Qb7 31. Re3 Kg7 32. Rxb3 Qxb3 33.
Rb1 Qc3 34. Rb6 Rc7 35. Ra6 Na5 36.
Qe1 Qxf3 37. Rxa5 Rb7 38. Ra3 Qg4+ 39. Kg2 Rb2 40. Qc3 Qe2+ 41. Kh3 Rxc2 0-1

[Event "MČR v bleskovém šachu družstev 2019"]
[Site "Teplice, Czech Republic"]
[Date "2019.09.14"]
[Round "2.8"]
[White "Postupa, Pavel"]
[Black "Krouzel, Jaroslav"]
[Result "1-0"]
[TimeControl "3 mim. + 2 s"]
[WhiteFideId "326410"]
[BlackFideId "301566"]
[WhiteElo "2184"]
[BlackElo "2086"]

1. e4 e6 2. d4 d5 3. Nd2 Nc6 4. Ngf3 Nf6 5. e5 Nd7 6. Nb3 Be7 7. a4 a5 8. Be2 O-O 9. O-O b6 10. Bb5 Ncb8 11. Re1 c6 12. Bd3 Ba6 13. Bxa6 Nxa6 14. c3 c5 15. Be3 Rc8 16. g3 cxd4 17. Nbxd4 Nac5 18. Nb5 Ne4 19. Bd4 Bc5 20.
Nd2 Nxd2 21. Qxd2 Qe7 22. Rac1 h6 23. Red1 Nb8 24. c4 Rfd8 25. Bxc5 Rxc5 26. b3 Rcc8 27. Nd6 Rc5 28. cxd5 Rxd5 29. Qe3 Rxd1+ 30. Rxd1 Nd7 31. f4 Nc5 32.
Rb1 Qd7 33. b4 Nxa4 34. bxa5 bxa5 35. Ra1 Rb8 36. Qd4 1-0

[Event "MČR v bleskovém šachu družstev 2019"]
[Site "Teplice, Czech Republic"]
[Date "2019.09.14"]
[Round "2.9"]
[White "Vanecek, Jiri"]
[Black "Liska, Jiri"]
[Result "0-1"]
[TimeControl "3 mim. + 2 s"]
[BlackTitle "FM"]
[WhiteFideId "305332"]
[WhiteElo "1999"]
[BlackElo "2241"]

1. e4 c5 2. Nf3 Nc6 3. d4 cxd4 4.
Nxd4 Nf6 5. Nc3 e5 6. Nxc6 bxc6 7.
Bg5 h6 8. Bh4 Be7 9. Bg3 d6 10. Bc4 Rb8 11. Bb3 Ba6 12. Qd2 Nh5 13. Ne2 Bg5 14. f4 exf4 15. Nxf4 O-O 16. c4 0-1

[Event "MČR v bleskovém šachu družstev 2019"]
[Site "Teplice, Czech Republic"]
[Date "2019.09.14"]
[Round "2.10"]
[White "Vltavsky, Vladimir"]
[Black "Zacek, Petr"]
[Result "1-0"]
[TimeControl "3 mim. + 2 s"]
[BlackFideId "320501"]
[WhiteElo "2252"]
[BlackElo "2009"]

1. e4 c5 2. Nf3 Nc6 3. c3 e6 4. d4 cxd4 5.
cxd4 d6 6. Nc3 Nf6 7. Bd3 Be7 8.
O-O O-O 9. Qe2 a6 10. Rd1 Qc7 11. e5 dxe5 12.
dxe5 Nd7 13. Bf4 b5 14. Rac1 Qb6 15. a3 Bb7 16. Bxh7+ Kxh7 17. Rxd7 Rfd8 18. Rcd1 Kg8 19. Bg5 f6 20.
exf6 gxf6 21. Qxe6+ Kg7 22. Qxf6+ Kg8 23. Qg6+ Nb8 1-0

[Event "MČR v bleskovém šachu družstev 2019"]
[Site "Teplice, Czech Republic"]
[Date "2019.09.14"]
[Round "2.11"]
[White "Ruzicka, Milos"]
[Black "Marsalek, Zdenek"]
[Result "0-1"]
[TimeControl "3 mim. + 2 s"]
[WhiteFideId "368784"]
[WhiteElo "1933"]
[BlackElo "2272"]

1. d4 d5 2. c4 c6 3. Nc3 Nf6 4. Bg5 dxc4 5. e3 Qb6 6. Bxc4 Qxb2 7. Rc1 Bf5 8. Bxf6 exf6 9. Nge2 Bd6 10. Qb3 Qxb3 11. Bxb3 O-O 12. O-O Nd7 13. Ng3 Be6 14. Nce4 Ba3 15.
Rb1 Nb6 16. Bxe6 fxe6 17. Rb3 Be7 18.
Rc1 Rab8 19. Nc5 Bxc5 20. Rxc5 Kf7 21. Ne4 Rfd8 22. Ra5 Ra8 23. Nc5 Rdb8 24. Kf1 Ke7 25. Ke2 Nc4 26. Ra4 b5 27. Raa3 Nxa3 28. Rxa3 a5 29. Kd3 a4 30. Rc3 b4 31.
Rc1 Rb5 32. Kc4 b3 33. axb3 axb3 34. Rb1 Ra2 35. Nd3 Rc2# 0-1

[Event "MČR v bleskovém šachu družstev 2019"]
[Site "Teplice, Czech Republic"]
[Date "2019.09.14"]
[Round "2.12"]
[White "Duran, Tomas"]
[Black "Trejbal, Jindrich"]
[Result "0-1"]
[TimeControl "3 mim. + 2 s"]
[BlackFideId "368792"]
[WhiteElo "2135"]
[BlackElo "1979"]

1. e4 e5 2. Nf3 Nc6 3. Bc4 Bc5 4. O-O d6 5. h3 Nf6 6. Re1 O-O 7. Nc3 h6 8. Na4 Bb6 9. c3 Be6 10. Bf1 Qe7 11. d3 Rad8 12. Nxb6 axb6 13. Qc2 d5 14.
exd5 Bxd5 15. Nxe5 Nxe5 16. Bf4 Nfd7 17. d4 f6 18. dxe5 fxe5 19. Bg3 Rde8 20. c4 Qc5 21. b4 Qc6 22. Rad1 Bf7 23. Qd3 Re7 24. Bh4 Nf6 25.
a3 Rd7 26. Qc3 Rxd1 27. Rxd1 e4 28. Qe5 Bxc4 29. Rc1 b5 30. a4 Qd5 31. Qxc7 Bxf1 32.
Rxf1 bxa4 33. Ra1 e3 34. fxe3 Ne4 35. Qe7 Nc3 36. Kh1 Ne2 37. Re1 Nf4 38.
Kh2 Qxg2# 0-1

[Event "MČR v bleskovém šachu družstev 2019"]
[Site "Teplice, Czech Republic"]
[Date "2019.09.14"]
[Round "2.13"]
[White "Lavrincik, Radek"]
[Black "Rubes, Jan"]
[Result "0-1"]
[TimeControl "3 mim. + 2 s"]
[BlackTitle "FM"]
[WhiteFideId "383260"]
[BlackFideId "338176"]
[WhiteElo "1606"]
[BlackElo "2316"]

1. e4 c5 2. Nf3 Nc6 3.
d4 cxd4 4. Nxd4 e5 5. Nb3 Nf6 6. Nc3 Bb4 7. f3 O-O 8. Bd2 a6 9. a3 Be7 10. Bd3 d6 11. Qe2 Be6 12. Bc4 b5 13. Bxe6 fxe6 14. O-O Nh5 15. Rad1 Qe8 16. Qf2 Qg6 17.
Ne2 Rac8 18. Rc1 Bg5 19. Bxg5 Qxg5 20. c3 Nf6 21. Qg3 Qe3+ 22. Qf2 Qh6 23. Qg3 Qe3+ 24. Qf2 Ng4 25. Qxe3 Nxe3 26. Kf2 Nxf1 27. Rxf1 Rfd8 28. Rd1 Kf7 29. Ng3 g6 30. h4 d5 31. exd5 exd5 32. Re1 d4 33. cxd4 Nxd4 34. Nxd4 exd4 35. Rd1 Rc2+ 36. Ke1 Rxb2 0-1

[Event "MČR v bleskovém šachu družstev 2019"]
[Site "Teplice, Czech Republic"]
[Date "2019.09.14"]
[Round "2.14"]
[White "Hadraba, Vladimir"]
[Black "Lavrincik, Pavel"]
[Result "1-0"]
[TimeControl "3 mim. + 2 s"]
[WhiteFideId "301663"]
[BlackFideId "320188"]
[WhiteElo "2095"]
[BlackElo "1772"]

1. e4 d6 2. d4 Nf6 3. Nc3 g6 4. Nf3 Bg7 5.
Be2 O-O 6. O-O Nbd7 7. Bg5 c6 8. a4 Qc7 9. Re1 e5 10. Qd2 Re8 11. dxe5 dxe5 12. Bc4 Nb6 13. Bb3 Bg4 14. Qe3 Rad8 15.
h3 Bxf3 16. Qxf3 Nh5 17. Bxd8 Rxd8 18. g3 Qd7 19. Rad1 Qe7 20. Rxd8+ Qxd8 21. Qxf7+ Kh8 22. Rd1 Qc8 23. a5 Na8 24.
Rd7 1-0

[Event "MČR v bleskovém šachu družstev 2019"]
[Site "Teplice, Czech Republic"]
[Date "2019.09.14"]
[Round "2.15"]
[White "Harasta, Frantisek"]
[Black "Kral, David"]
[Result "0-1"]
[TimeControl "3 mim. + 2 s"]
[WhiteFideId "380660"]
[BlackFideId "326097"]
[WhiteElo "1605"]
[BlackElo "2028"]

1. c4 c5 2. Nc3 Nc6 3. Nf3 e5 4. d3 d6 5. g3 f5 6. Bg2 Nf6 7. Bd2 Be7 8. O-O O-O 9. e3 h6 10. h4 Ng4 11. d4 e4 12. Nh2 g5 13. hxg5 hxg5 14. Nxg4 fxg4 15. Nxe4 cxd4 16. exd4 Nxd4 17. Bc3 Nf5 18. Qd5+ Rf7 19. Rad1 Qf8 20. f4 gxf3 21. Bxf3 Qh6 22. Kg2 Ng7 23. Kf2 0-1

[Event "MČR v bleskovém šachu družstev 2019"]
[Site "Teplice, Czech Republic"]
[Date "2019.09.14"]
[Round "2.16"]
[White "Krutsky, Martin"]
[Black "Jakus, Lubomir"]
[Result "1-0"]
[TimeControl "3 mim. + 2 s"]
[WhiteFideId "361526"]
[BlackFideId "343374"]
[WhiteElo "1974"]
[BlackElo "1506"]

1. e4 e5 2. Nf3 Nc6 3. Bb5 a6 4. Ba4 Nf6 5.
O-O Be7 6. Re1 d6 7. h3 O-O 8. c3 Bd7 9. d4 b5 10. Bc2 exd4 11.
cxd4 Re8 12. Nbd2 Bc8 13. Nf1 Bb7 14. Ng3 Nb8 15. Qd3 Bf8 16. Bg5 h6 17. Bxf6 Qxf6 18. e5 dxe5 19. Qh7# 1-0

[Event "MČR v bleskovém šachu družstev 2019"]
[Site "Teplice, Czech Republic"]
[Date "2019.09.14"]
[Round "2.18"]
[White "Dvorak, Jan"]
[Black "Bohdal, Jan"]
[Result "1-0"]
[TimeControl "3 mim. + 2 s"]
[WhiteFideId "314870"]
[BlackFideId "14909766"]
[WhiteElo "2229"]
[BlackElo "1879"]

1. d4 d5 2. c4 c5 3. dxc5 d4 4. Nf3 Nc6 5. g3 e5 6. Bg2 Bxc5 7. O-O Nge7 8. b4 Bxb4 9. Qa4 O-O 10.
Nxe5 Nxe5 11. Qxb4 Be6 12. Na3 Rc8 13. Qxb7 Rc7 14. Qb2 Nxc4 15. Nxc4 Rxc4 16. Bg5 Qd7 17. Rfd1 Ng6 18. Rac1 Rxc1 19.
Bxc1 Rd8 20. Be3 Qa4 21. Rd2 Ne5 22. Rxd4 Qe8 23. Rxd8 Qxd8 24. Qxe5 g6 25. Bd4 Kf8 26. Qh8+ Ke7 27.
Bf6+ Ke8 1-0

[Event "MČR v bleskovém šachu družstev 2019"]
[Site "Teplice, Czech Republic"]
[Date "2019.09.14"]
[Round "2.19"]
[White "Pechanek, Krystof"]
[Black "Kopta, Pavel"]
[Result "0-1"]
[TimeControl "3 mim. + 2 s"]
[BlackTitle "FM"]
[WhiteFideId "23719869"]
[BlackFideId "309109"]
[WhiteElo "1848"]
[BlackElo "2234"]

1. d4 Nf6 2. Bf4 b6 3. e3 Bb7 4. c3 e6 5.
Nf3 Be7 6. Nbd2 O-O 7. Be2 d6 8. O-O Nh5 9. Bg3 Nxg3 10. hxg3 Nd7 11. Qc2 f5 12. Qb3 d5 13. Bb5 c6 14.
Be2 Bd6 15. c4 Qe7 16. cxd5 exd5 17. Rac1 Kh8 18. Bd3 Rae8 19. Qc2 Qf6 20. Nh4 g6 21. Rfe1 Re7 22. Qa4 a5 23. Qb3 Rfe8 24.
Qc3 f4 25. Qc2 Kg7 26. Rcd1 fxg3 27. fxg3 Bxg3 28. Rf1 Qxh4 29. Nf3 Qh5 30. Be2 Rxe3 31. Ne5 Qh2# 0-1

[Event "MČR v bleskovém šachu družstev 2019"]
[Site "Teplice, Czech Republic"]
[Date "2019.09.14"]
[Round "2.20"]
[White "Routner, Jakub"]
[Black "Sedmihradsky, Tomas"]
[Result "0-1"]
[TimeControl "3 mim. + 2 s"]
[WhiteFideId "322245"]
[BlackFideId "23709936"]
[WhiteElo "2138"]
[BlackElo "1452"]

1. e4 e6 2. d4 d5 3. e5 c5 4. Nf3 Nc6 5. Bd3 cxd4 6. O-O f6 7. Bf4 g5 8.
Bg3 f5 9. h4 f4 10. Bh2 gxh4 11. Bxf4 Bg7 12. Nbd2 Qc7 13. Re1 Nge7 14. Nxh4 Bd7 0-1

[Event "MČR v bleskovém šachu družstev 2019"]
[Site "Teplice, Czech Republic"]
[Date "2019.09.14"]
[Round "2.21"]
[White "Trepka, Jan"]
[Black "Babicka, Michal"]
[Result "0-1"]
[TimeControl "3 mim. + 2 s"]
[WhiteFideId "322814"]
[WhiteElo "2186"]
[BlackElo "2076"]

1. d4 Nf6 2. c4 g6 3. Nc3 Bg7 4. e4 d6 5. f4 O-O 6. Nf3 c5 7. dxc5 dxc5 8. Qxd8 Rxd8 9. e5 Ne8 10. Be3 b6 11.
Be2 e6 12. Kf2 Bb7 13. Rhd1 Nc6 14. Ng5 Nd4 15. Bxd4 cxd4 16. Nb5 h6 17. Nf3 f6 18. Nbxd4 fxe5 19. Nxe5 Nc7 20. Bf3 Bxf3 21. Ndxf3 g5 22. g3 gxf4 23. gxf4 Na6 24. a3 Nc5 25.
Ke3 a5 26. Rab1 Na4 27. b3 Nc5 28.
Rxd8+ Rxd8 29. b4 Na4 30. Rb3 Rd1 31. Rd3 Ra1 32. Nd4 Nb2 33. Rc3 Nd1+ 34. Kd3 Nxc3 35. Kxc3 Rxa3+ 36. Nb3 a4 0-1

[Event "MČR v bleskovém šachu družstev 2019"]
[Site "Teplice, Czech Republic"]
[Date "2019.09.14"]
[Round "2.22"]
[White "Mach, Petr"]
[Black "Ruzicka, Ales"]
[Result "1/2-1/2"]
[TimeControl "3 mim. + 2 s"]
[BlackFideId "325252"]
[WhiteElo "1961"]
[BlackElo "2102"]

1. Nf3 Nf6 2. c4 d6 3. d4 g6 4. Nc3 Bg7 5. g3 O-O 6. Bg2 Nbd7 7. O-O Re8 8. e4 e5 9. h3 exd4 10. Nxd4 Ne5 11. b3 Bd7 12.
Be3 Nc6 13. Rc1 Nxd4 14. Bxd4 Bc6 15.
Re1 Nd7 16. Bxg7 Kxg7 17. Qd4+ Qf6 18. Qxf6+ Nxf6 19. Nd5 Bxd5 20. cxd5 Re7 21. f4 Rae8 22.
e5 dxe5 23. fxe5 Rxe5 24. Rxe5 Rxe5 25. Rxc7 Nxd5 26. Rxb7 Nc3 27. Rxa7 Re1+ 28. Kh2 Re2 29.
a4 Rb2 30. a5 Nd1 31. Kg1 Ne3 32. Bf3 Rxb3 33. Kf2 Nf5 34. Bd5 Rb2+ 35. Kf3 Nd4+ 36. Ke4 Nb5 37. Rxf7+ Kh6 38. Rb7 Nd6+ 39.
Kd4 Nxb7 40. a6 Rb4+ 41.
Kc3 Rb6 42. axb7 Kg5 43. Bf3 Kf6 44. Kd4 h6 45. Kc5 Rb3 46. Kd6 g5 47. Kc7 Rc3+ 48. Kd8 Rb3 49. Kc8 Rc3+ 50. Kc7 1/2-1/2

[Event "MČR v bleskovém šachu družstev 2019"]
[Site "Teplice, Czech Republic"]
[Date "2019.09.14"]
[Round "2.24"]
[White "Popper, Tomas"]
[Black "Meszaros, Ludek"]
[Result "0-1"]
[TimeControl "3 mim. + 2 s"]
[BlackFideId "308153"]
[WhiteElo "2088"]
[BlackElo "2070"]

1. e4 e5 2. Nf3 Nc6 3.
Bc4 Nf6 4. d3 h6 5. Nc3 d6 6. h3 g6 7. Be3 Bg7 8. Qd2 Qe7 9. a3 Be6 10. Nd5 Bxd5 11. exd5 Nb8 12. Bb5+ Nbd7 13. O-O Nxd5 14. Rfe1 Nxe3 15. Qxe3 O-O 16. d4 c6 17. Bd3 f5 18. dxe5 dxe5 19. Rad1 Kh7 20. Bc4 Nb6 21.
Bb3 Rfe8 22. Nd4 Rad8 23. Ne6 Rxd1 24. Rxd1 Bf6 25. Nc5 f4 26. Qc3 e4 27. Qa5 e3 28. fxe3 fxe3 29. Ne6 Nd5 30. Bxd5 cxd5 31. Qxd5 Qxe6 32. Qxb7+ Re7 33. Qb8 e2 34.
Re1 Bd4+ 35. Kh1 Rf7 36. Qb5 Qe3 37.
Qxe2 Qxe2 38. Rxe2 Bxb2 39. a4 Rc7 0-1

[Event "MČR v bleskovém šachu družstev 2019"]
[Site "Teplice, Czech Republic"]
[Date "2019.09.14"]
[Round "2.26"]
[White "Hacha, Ales"]
[Black "Cernousek, Lukas"]
[Result "0-1"]
[TimeControl "3 mim. + 2 s"]
[BlackTitle "IM"]
[BlackFideId "311707"]
[WhiteElo "2065"]
[BlackElo "2473"]

1. e4 e6 2. Nf3 d5 3. exd5 Qxd5 4. Be2 Nf6 5. O-O c5 6. c4 Qd8 7. d4 Nc6 8.
d5 exd5 9. cxd5 Qxd5 10. Qxd5 Nxd5 11. Re1 Be7 12. Bb5 Ndb4 13.
Re2 a6 14. Ba4 b5 15. Bd1 Bg4 16. a3 Nd3 17. Bg5 f6 18. Be3 Kf7 19. Bc2 Rad8 20. Nc3 Bxf3 21. gxf3 Nce5 22. Kg2 Nc4 23. Bb3 Rd7 24. Ne4 Kg6 25.
Bxc4 bxc4 26. Rg1 Kf7 27. Kh1 Rb8 28.
Rc2 Rxb2 29. Rxc4 Ne5 30. Ra4 Nxf3 31. Rg3 Nh4 32. h3 Rd1+ 33. Kh2 Rbb1 34. Rg4 f5 35. Ng5+ Bxg5 36. Rxg5 Nf3+ 37. Kg3 Nxg5 38. Bxg5 Rd3+ 39. Kf4 Rd4+ 40. Rxd4 cxd4 41. Kxf5 Ra1 42. Ke4 Rxa3 43. Kxd4 Rxh3 44. Be3 Rxe3 45. Kxe3 h5 0-1

[Event "MČR v bleskovém šachu družstev 2019"]
[Site "Teplice, Czech Republic"]
[Date "2019.09.14"]
[Round "2.27"]
[White "Vrbata, Zbynek"]
[Black "Zima, Jan"]
[Result "1-0"]
[TimeControl "3 mim. + 2 s"]
[WhiteTitle "FM"]
[WhiteFideId "301256"]
[WhiteElo "2324"]
[BlackElo "2048"]

1. d4 Nf6 2. c4 g6 3. f3 c5 4.
d5 Bg7 5. e4 d6 6. Ne2 e6 7.
Bg5 exd5 8. cxd5 O-O 9. Nec3 a6 10. a4 Nbd7 11. Be2 Qc7 12. Na3 Ne5 13. O-O Re8 14. h3 h6 15. Be3 b6 16. Qd2 Kh7 17.
Rfc1 Rb8 18. b4 cxb4 19. Na2 Qe7 20. Nxb4 Bb7 21. Nxa6 Bxa6 22. Bxa6 Ned7 23. Rc7 Qd8 24. Bb5 Qxc7 25. Rc1 Qa7 26. Nc4 Bf8 27. a5 Qa8 28. axb6 Rec8 29. Ra1 Qb7 30. Ra7 Qxa7 31. bxa7 Rxb5 32. Qa2 Ra8 33. Qa6 Rb1+ 34. Kh2 Ne8 35. Qc6 Rxa7 36.
Bxa7 Ne5 37. Nxe5 dxe5 38. Qxe8 1-0

[Event "MČR v bleskovém šachu družstev 2019"]
[Site "Teplice, Czech Republic"]
[Date "2019.09.14"]
[Round "2.28"]
[White "Broucek, Tomas"]
[Black "Kuba, Jindrich"]
[Result "0-1"]
[TimeControl "3 mim. + 2 s"]
[BlackTitle "FM"]
[BlackFideId "318248"]
[WhiteElo "2044"]
[BlackElo "2223"]

1. d4 Nf6 2. Nf3 e6 3.
e3 b6 4.
Bd3 Bb7 5. O-O d5 6. Nbd2 Nbd7 7.
c3 Be7 8. Qe2 O-O 9. e4 dxe4 10. Nxe4 Nxe4 11. Bxe4 Bxe4 12. Qxe4 Nf6 13. Qe2 c5 14.
dxc5 Bxc5 15. Be3 Bd6 16.
Bg5 Be7 17. Rfd1 Qc7 18. Qe5 Rac8 19.
Qxc7 Rxc7 20. Rd3 h6 21. Bf4 Rcc8 22.
Rad1 Nd5 23. Be5 Rfe8 24. h3 a6 25.
g4 b5 26. a3 Bc5 27. Bd4 Bxd4 28.
Rxd4 Rc7 29. Ne5 Rec8 30. Kg2 f6 31. Nf3 Kf7 32. Ne1 g5 33. Nd3 a5 34. Kg3 Rc4 35. Rxc4 Rxc4 36. Re1 e5 37. f3 b4 38. Rxe5 Nf4 39.
Re4 Rxe4 40. fxe4 Nxd3 41. axb4 axb4 42. cxb4 Nxb4 43. Kf3 Ke6 44. Ke3 Ke5 45. b3 Na6 46. Kd3 Nc5+ 47. Kc4 Nxe4 48. b4 Nd6+ 49. Kc5 f5 50. gxf5 Nxf5 51. b5 Nd6 52. b6 Nb7+ 53. Kc6 Na5+ 54. Kb5 Nb7 55. Kc6 Nd6 56. Kc5 h5 57. Kb4 g4 58. hxg4 hxg4 59. Kc3 Kf4 60. Kd2 Kf3 61. Kd3 g3 62. Kd4 g2 63. Kd5 g1=Q 64. Kxd6 Qxb6+ 0-1

[Event "MČR v bleskovém šachu družstev 2019"]
[Site "Teplice, Czech Republic"]
[Date "2019.09.14"]
[Round "3.1"]
[White "Rubes, Jan"]
[Black "Kociscak, Jiri"]
[Result "1-0"]
[TimeControl "3 mim. + 2 s"]
[WhiteTitle "FM"]
[BlackTitle "IM"]
[WhiteFideId "338176"]
[BlackFideId "322121"]
[WhiteElo "2316"]
[BlackElo "2417"]

1. c4 e6 2. Nc3 d5 3. d4 c5 4. e3 Nc6 5. Nf3 Nf6 6. a3 cxd4 7. exd4 Bd6 8. cxd5 Nxd5 9. Ne4 Be7 10. Bd3 O-O 11. O-O b6 12. Bg5 f6 13.
Bh4 Bb7 14. Re1 Qd7 15. Bg3 Rac8 16. Qe2 Rfe8 17. Rad1 Bf8 18. Bb1 h6 19. Qd3 f5 20. Ned2 Rcd8 21. b4 a6 22. Nc4 b5 23.
Ncd2 Nf6 24. Nb3 Qd5 25. Ba2 Ne4 26. Re2 Nxg3 27. hxg3 Qd7 28. Nc5 Bxc5 29. bxc5 Na5 30. Qxf5 Bd5 31. Bxd5 exd5 32. Qxd7 1-0

[Event "MČR v bleskovém šachu družstev 2019"]
[Site "Teplice, Czech Republic"]
[Date "2019.09.14"]
[Round "3.2"]
[White "Polak, Tomas"]
[Black "Hadraba, Vladimir"]
[Result "1-0"]
[TimeControl "3 mim. + 2 s"]
[WhiteTitle "GM"]
[WhiteFideId "300560"]
[BlackFideId "301663"]
[WhiteElo "2510"]
[BlackElo "2095"]

1. d4 Nf6 2. c4 g6 3. Nc3 Bg7 4. e4 d6 5.
Nf3 O-O 6. Be2 Nbd7 7. O-O e5 8. Re1 c6 9. Bf1 a5 10. dxe5 dxe5 11. Na4 Qe7 12.
Qc2 Ne8 13. c5 Nc7 14. Be3 Ne6 15. Rad1 Qf6 16. Rd6 Re8 17. Bg5 Nxg5 18. Rxf6 Bxf6 19. Nxg5 Bxg5 20. Rd1 Rb8 21. g3 Nf8 22.
Qc3 Bg4 23. Rd3 Ne6 24. Qxe5 Bh6 25. Qc3 Bg7 26. Qxa5 Rbd8 27. Rd6 Bf8 28. Rxd8 Rxd8 29. Nc3 Bxc5 30. Ne2 b6 31. Qc3 Nd4 32.
Nxd4 Rxd4 33. h3 Be6 34. a3 Rxe4 35. b4 Bf8 36. Qxc6 Re1 37. Kg2 Ra1 38. Qxb6 Rxa3 39. h4 Bd5+ 40. Kh3 Be6+ 41. Kh2 Ra2 42. Bg2 Rb2 43. b5 Bd7 44. Bc6 Be6 45. Kg2 h5 46.
Qd4 Bg7 47. Qd8+ Kh7 48. Kf1 Bc4+ 49.
Kg1 Bxb5 50. Qb8 Rb1+ 51. Kh2 Bd3 52. Qf4 Bf5 53.
Be8 Rb7 54. Bc6 Rb2 55. Kg2 Be6 56. Be4 Bc3 57. Qe3 Bg7 58. Qd3 Bg4 59. Bd5 Be6 60. Bxe6 fxe6 61. Qe4 e5 62. Kf1 Rb6 63. f3 Rf6 64. Kg2 Re6 65. g4 hxg4 66. fxg4 Kh6 67. g5+ Kh7 68. h5 Rd6 69.
h6 Bh8 1-0

[Event "MČR v bleskovém šachu družstev 2019"]
[Site "Teplice, Czech Republic"]
[Date "2019.09.14"]
[Round "3.3"]
[White "Kral, David"]
[Black "Stocek, Jiri"]
[Result "0-1"]
[TimeControl "3 mim. + 2 s"]
[BlackTitle "GM"]
[WhiteFideId "326097"]
[BlackFideId "304760"]
[WhiteElo "2028"]
[BlackElo "2505"]

1. d4 Nf6 2. c4 e6 3. Nc3 Bb4 4. Bg5 c5 5. e3 Qa5 6. Bxf6 Bxc3+ 7. bxc3 Qxc3+ 8. Ke2 gxf6 9. Rc1 Qa5 10. Qc2 Nc6 11.
Qc3 Qxc3 12. Rxc3 cxd4 13. exd4 Nxd4+ 14. Kd3 Nc6 15. Nf3 b6 16. Be2 Nb4+ 17. Ke3 Ke7 18. a3 Na6 19. Rd1 Nc5 20. Nd4 Bb7 21. f3 Rhc8 22.
h4 d5 23. g4 Nd7 24. Rdc1 dxc4 25. Rxc4 Rxc4 26. Rxc4 Nc5 27. h5 Rd8 28. h6 Rd5 29. f4 Rd8 30. Nb5 Ba6 31. a4 Bxb5 32.
axb5 Kd6 33. Rc2 Kc7 34. Bf3 Rd3+ 35. Kf2 Rb3 36. Ra2 Kb8 37. Bc6 Nd3+ 38. Kg2 Nxf4+ 39. Kf2 Ng2 40. Kxg2 0-1